 Dungeon Crawl Stone Soup version 0.21-a0-509-gecc5317 (webtiles) character file.

74070 DirectiveMayhem the Warrior (level 15, -10/104 HPs)
             Began as a Gargoyle Fighter on Nov 29, 2017.
             Was the Champion of the Shining One.
             Mangled by a wolf spider (13 damage)
             ... on level 1 of the Spider Nest on Nov 30, 2017.
             The game lasted 01:20:36 (28499 turns).

DirectiveMayhem the Warrior (Gargoyle Fighter)     Turns: 28499, Time: 01:20:37

Health: -10/104    AC: 42    Str: 26 (27) XL:     15   Next: 45%
Magic:  16/16      EV:  9    Int: 15      God:    the Shining One [******]
Gold:   1798       SH:  0    Dex:  9      Spells: 10/14 levels left

rFire    + + .     SeeInvis .   Q - +2 flail (protect)
rCold    + . .     Gourm    .   c - +0 shield
rNeg     + + +     Faith    .   u - +1 plate armour {rF+}
rPois    ∞         Spirit   .   a - +2 hat
rElec    +         Reflect  .   j - +1 cloak
rCorr    .         Harm     .   L - +1 pair of gloves {Str+3}
MR       +....                  T - +0 pair of boots "Jefac" {Str+4}
Stlth    ..........             (no amulet)
HPRegen  0.27/turn              i - ring of protection from cold
MPRegen  0.15/turn              y - ring of protection from fire

@: confused, protection aura, flying, glowing
A: big wings, negative energy resistance 1, electricity resistance, unbreathing,
petrification resistance, rot immunity, AC +11
a: Stop Flying, Divine Shield, Cleansing Flame, Summon Divine Warrior, Brand
Weapon With Holy Wrath, Renounce Religion


You were on level 1 of the Spider Nest.
You worshipped the Shining One.
The Shining One was exalted by your worship.
You were not hungry.

You visited 5 branches of the dungeon, and saw 24 of its levels.
You also visited: Sewer.

You collected 1798 gold pieces.

Inventory:

Hand Weapons
 e - a +1 dire flail of crushing
 Q - a +2 flail of protection (weapon)
Armour
 a - a +2 hat (worn)
 c - a +0 shield (worn)
 j - a +1 cloak (worn)
 u - a +1 plate armour of fire resistance (worn)
 L - a +1 pair of gloves of strength (worn)
 T - the +0 pair of boots "Jefac" (worn) {Str+4}
   (You found it on level 6 of the Lair of Beasts)

   It affects your strength (+4).
Magical Staves
 A - an uncursed staff of cold
 G - an uncursed staff of conjuration
Jewellery
 b - an uncursed ring of ice
 i - a ring of protection from cold (left hand)
 y - a ring of protection from fire (right hand)
 N - an uncursed ring of fire
 O - an uncursed ring of positive energy
Wands
 l - a wand of acid (7)
 s - a wand of flame (84)
 z - a wand of iceblast (14)
 E - a wand of digging (23)
 F - a wand of disintegration (6)
Scrolls
 m - a scroll of fog
 n - 4 scrolls of fear
 r - 5 scrolls of remove curse
 w - 3 scrolls of noise {unknown}
 x - 4 scrolls of teleportation
 D - 2 scrolls of magic mapping
 J - 4 scrolls of blinking
 M - 3 scrolls of enchant armour
Potions
 g - a potion of magic
 k - 12 potions of curing
 o - a potion of haste
 p - a potion of brilliance
 t - a potion of cancellation
 v - 3 potions of resistance
 U - a potion of berserk rage
 V - a potion of mutation
Books
 P - a book of Geomancy

   Spells                             Type                      Level
   a - Sandblast                      Earth                        1
   b - Passwall                       Transmutation/Earth          2
   c - Stone Arrow                    Conjuration/Earth            3
   d - Petrify                        Transmutation/Earth          4
   e - Lee's Rapid Deconstruction     Earth                        5
Comestibles
 f - 11 bread rations
 h - 7 meat rations
 q - 19 fruits


   Skills:
 + Level 15.7 Fighting
 - Level 14.0 Maces & Flails
 - Level 10.4 Armour
 - Level 5.2 Dodging
 - Level 15.0 Shields
 * Level 2.2 Invocations


You had 10 spell levels left.
You knew the following spells:

 Your Spells              Type           Power        Failure   Level  Hunger
a - Stone Arrow           Conj/Erth      #.....       100%        3    ####...
b - Apportation           Tloc           #.....       94%         1    ##.....


Dungeon Overview and Level Annotations

Branches:
Dungeon (13/15)            Temple (1/1) D:7            Lair (6/6) D:8
 Shoals (0/4) Lair:3       Spider (2/4) Lair:4        Slime (0/5) Lair:5
    Orc (2/2) D:10
    Elf: Orc:2       Vaults: D:13-14

Altars:
Ashenzari
Cheibriados
Dithmenos
Elyvilon
Fedhas
Gozag
Hepliaklqana
Kikubaaqudgha
Makhleb
Nemelex Xobeh
Okawaru
Qazlal
Ru
Sif Muna
Trog
Uskayaw
Vehumet
Wu Jian
Xom
Yredelemnul
Zin
The Shining One
Jiyva

Shops:
D:5 %   D:9 [

Annotations:
D:7 BigFatTexta's ghost, novice MiBe
Lair:5 exclusion: oklob plant
Lair:6 exclusion: oklob plant


Innate Abilities, Weirdness & Mutations

You are resistant to torment.
Your stone body is resilient. (AC +11)
You are immune to poison.
Your large and strong wings let you fly indefinitely.
You resist negative energy. (rN+)
You are resistant to electric shocks. (rElec)
You can survive without breathing.
You are immune to petrification.
You are immune to rotting.


Message History

The wolf spider completely misses you.
You hit the spark wasp.
The spark wasp is almost dead.
The spark wasp stings you but does no damage.
The wolf spider completely misses you. The wolf spider misses you.
The spark wasp stings you!
* * * LOW HITPOINT WARNING * * *
The spark wasp shocks you. You resist.
* * * LOW HITPOINT WARNING * * *
The spark wasp stings you.
* * * LOW HITPOINT WARNING * * *
The spark wasp shocks you. You resist.
* * * LOW HITPOINT WARNING * * *
You're too confused!
Unknown command.
You sock the spark wasp!
You kill the spark wasp!
Your Invocations skill increases to level 2!
The wolf spider hits you!
You die...

....#.........≈#..^....#≈≈#
......#....#............≈≈#
#........#....#.........###
#....#...#...(...#......##
...>........#.#.........≈#
.#........#.............≈#
...#..........#..#..#...##
.....#........##...#.....##
..#..^..#.......@.........#
.)#.#...^....#§##...#..###
........#..................≈##
...............#..#.....#..#≈#
.........##.......#..#.......###
..#..##.............#......#..^#
................#.#.#...#^....###
.#.#..............^....#......^.#
.#...##...(.#.#................#≈


You could see a wolf spider.

Vanquished Creatures
  Gastronok (D:10)
  Agnes (Lair:4)
  2 ghost moths (Spider:2)
  An emperor scorpion (Spider:2)
  2 entropy weavers (Lair:4)
  A stone giant (D:10)
  2 spark wasps
  4 hydras
  A centaur warrior (D:11)
  A death knight (D:12)
  Nergalle (D:10)
  A fire crab (Lair:5)
  An unseen horror (D:11)
  An ugly thing (D:11)
  12 wolf spiders
  5 orb spiders
  3 cyclopes
  17 elephants
  5 black mambas
  3 demonic crawlers (Lair:4)
  24 spiny frogs
  2 rime drakes
  6 komodo dragons
  2 trolls
  17 jumping spiders
  2 hornets
  29 blink frogs
  4 tyrant leeches
  4 hippogriffs
  4 dream sheep (Lair:3)
  The ghost of BingusPrime the Insei, an amateur OpTm (D:3)
  Sigmund (D:3)
  7 tarantellas
  15 redbacks
  A shadow (D:11)
  27 yaks
  A wyvern (Lair:4)
  4 basilisks
  A hungry ghost (D:9)
  A steam dragon (D:9)
  6 vampire mosquitoes
  9 water moccasins
  2 sky beasts (D:5)
  6 porcupines
  12 orc warriors
  2 ice beasts
  6 ogres
  2 black bears
  A phantom (D:8)
  15 centaurs
  5 wolves
  10 crocodiles
  A big kobold (D:12)
  20 bullfrogs
  Blork the orc (D:5)
  2 gnoll sergeants
  A wyvern skeleton (D:10)
  2 scorpions
  15 killer bees
  7 wights
  A howler monkey (D:6)
  3 electric eels
  8 crimson imps
  5 jellies
  2 bullfrog zombies (D:7)
  3 hounds
  8 orc priests
  15 orc wizards
  3 centaur skeletons
  5 iguanas
  9 worker ants
  A hound skeleton (D:4)
  Robin (D:3)
  18 gnolls
  A howler monkey skeleton (D:4)
  19 adders
  4 shadow imps
  2 oozes
  2 adder skeletons
  An adder zombie (D:5)
  4 worms
  4 dart slugs
  8 leopard geckos
  40 orcs
  5 ball pythons
  17 bats
  4 giant cockroaches
  12 goblins
  10 hobgoblins
  19 jackals
  2 quokkas
  8 frilled lizards
  A jackal zombie (D:5)
  19 kobolds
  A quokka skeleton (D:6)
  8 rats
  A fungus (Lair:4)
  5 plants (Sewer)
622 creatures vanquished.

Vanquished Creatures (others)
  A tarantella (Spider:1)
  A bush (Lair:6)
  21 fungi
  61 plants
84 creatures vanquished.

Grand Total: 706 creatures vanquished

Notes
Turn   | Place    | Note
-------+----------+-------------------------------------------
     0 | D:1      | DirectiveMayhem the Gargoyle Fighter began the quest for the Orb.
     0 | D:1      | Reached XP level 1. HP: 14/14 MP: 1/1
   190 | D:1      | Reached XP level 2. HP: 17/19 MP: 2/2
   355 | D:1      | Reached XP level 3. HP: 23/23 MP: 3/3
   670 | D:2      | Reached XP level 4. HP: 28/28 MP: 4/4
   698 | D:2      | You fall through a shaft!
   711 | D:3      | Noticed BingusPrime's ghost (amateur OpTm)
   753 | D:3      | Killed BingusPrime's ghost
   753 | D:3      | Reached skill level 5 in Maces & Flails
   753 | D:3      | Reached XP level 5. HP: 14/34 MP: 5/5
   753 | D:3      | Reached XP level 6. HP: 16/39 MP: 6/6
   882 | D:3      | Found a glowing drain.
   934 | Sewer    | Entered a sewer
  1752 | D:3      | Reached skill level 5 in Fighting
  1880 | D:3      | Found a faded altar of an unknown god.
  2039 | D:3      | Noticed Robin
  2213 | D:2      | Reached XP level 7. HP: 44/44 MP: 7/7
  2399 | D:2      | Found a white marble altar of Elyvilon.
  2539 | D:2      | Found a radiant altar of Vehumet.
  2539 | D:2      | Found a deep blue altar of Sif Muna.
  2884 | D:3      | Killed Robin
  2977 | D:3      | Noticed Sigmund
  3051 | D:3      | Killed Sigmund
  3456 | D:4      | Reached XP level 8. HP: 51/51 MP: 8/8
  4429 | D:5      | Entered Level 5 of the Dungeon
  4580 | D:5      | Found a sparkling altar of Nemelex Xobeh.
  4637 | D:5      | Found Vogg's Food Emporium.
  4683 | D:5      | Noticed Blork the orc
  4699 | D:5      | Killed Blork the orc
  4926 | D:5      | Reached XP level 9. HP: 52/57 MP: 9/9
  4995 | D:5      | Found an ornate altar of the Wu Jian Council.
  5444 | D:6      | Found a shimmering altar of Xom.
  5805 | D:6      | Reached skill level 10 in Maces & Flails
  6356 | D:6      | Found a glowing golden altar of the Shining One.
  6361 | D:6      | Found a basalt altar of Yredelemnul.
  6365 | D:6      | Noticed an angel
  6370 | D:6      | Became a worshipper of the Shining One
  6380 | D:6      | Noticed a profane servitor
  6838 | D:7      | Noticed BigFatTexta's ghost (novice MiBe)
  7377 | D:7      | Found a staircase to the Ecumenical Temple.
  7386 | Temple   | Entered the Ecumenical Temple
  7473 | D:7      | Found a sacrificial altar of Ru.
  7644 | D:8      | Reached * piety under the Shining One
  7702 | D:8      | Reached XP level 10. HP: 45/66 MP: 10/10
  8624 | D:8      | Found a staircase to the Lair.
  8989 | Lair:1   | Entered Level 1 of the Lair of Beasts
  8991 | Lair:1   | Noticed a spiny frog
  9004 | Lair:1   | Killed a spiny frog
  9004 | Lair:1   | Reached skill level 10 in Fighting
  9021 | Lair:1   | Noticed a four-headed hydra
  9031 | Lair:1   | Killed a four-headed hydra
  9256 | Lair:1   | Noticed a black mamba
  9271 | Lair:1   | Killed a black mamba
  9837 | Lair:2   | Noticed a spiny frog
  9853 | Lair:2   | Killed a spiny frog
  9853 | Lair:2   | Reached XP level 11. HP: 48/72 MP: 11/11
 10979 | Lair:3   | Reached ** piety under the Shining One
 11143 | Lair:3   | Reached skill level 5 in Shields
 11300 | Lair:3   | Reached skill level 5 in Armour
 11459 | Lair:3   | Found a staircase to the Shoals.
 12198 | Lair:4   | Noticed a six-headed hydra
 12491 | Lair:3   | Killed a six-headed hydra
 12883 | Lair:4   | Reached XP level 12. HP: 79/79 MP: 12/12
 14578 | Lair:5   | Found a viscous altar of Jiyva.
 14578 | Lair:5   | Found a staircase to the Slime Pits.
 14807 | Lair:6   | Entered Level 6 of the Lair of Beasts
 14859 | Lair:6   | Noticed an eight-headed hydra
 14885 | Lair:5   | Killed an eight-headed hydra
 15773 | Lair:6   | Reached *** piety under the Shining One
 16130 | Lair:6   | Reached XP level 13. HP: 70/85 MP: 13/13
 16147 | Lair:6   | Reached skill level 10 in Armour
 16147 | Lair:6   | Reached skill level 10 in Shields
 17218 | Lair:6   | Learned a level 3 spell: Stone Arrow
 19199 | Lair:6   | Reached **** piety under the Shining One
 19342 | Lair:6   | Identified Sif Muna's Catalogue of Boosting Transmigration
 19358 | Lair:6   | Got a pair of faintly glowing boots
 19382 | Lair:6   | Identified the +0 pair of boots "Jefac" {Str+4} (You found it on level 6 of the Lair of Beasts)
 19828 | Lair:6   | Gained mutation: Your large and strong wings let you fly indefinitely. [Gargoyle growth]
 19828 | Lair:6   | Reached XP level 14. HP: 94/94 MP: 14/14
 20052 | D:9      | Found Ceum's Armour Emporium.
 20902 | D:10     | Entered Level 10 of the Dungeon
 21424 | D:10     | Found a staircase to the Orcish Mines.
 21477 | D:10     | Found a bloodstained altar of Trog.
 21645 | D:10     | Noticed Nergalle
 21664 | D:10     | Killed Nergalle
 21822 | D:10     | Noticed Gastronok
 21837 | D:10     | Killed Gastronok
 23129 | D:11     | Reached ***** piety under the Shining One
 24293 | D:10     | Learned a level 1 spell: Apportation
 24308 | Orc:1    | Entered Level 1 of the Orcish Mines
 24308 | Orc:1    | Noticed a stone giant
 24547 | D:10     | Killed a stone giant
 24956 | Orc:2    | Entered Level 2 of the Orcish Mines
 24956 | Orc:2    | Noticed an orc warlord
 25223 | Lair:4   | Found a hole to the Spider Nest.
 25286 | Spider:1 | Entered Level 1 of the Spider Nest
 25286 | Spider:1 | Noticed an entropy weaver
 25315 | Spider:1 | Noticed Agnes
 25455 | Lair:4   | Killed Agnes
 25478 | Lair:4   | Killed an entropy weaver
 25971 | Lair:4   | Reached skill level 15 in Shields
 25994 | Lair:4   | Reached skill level 15 in Fighting
 26054 | Lair:4   | Reached skill level 1 in Dodging
 26334 | Spider:1 | Reached XP level 15. HP: 95/103 MP: 15/15
 26449 | Spider:1 | Reached ****** piety under the Shining One
 27413 | Spider:2 | Got a pair of fine boots
 27414 | Spider:2 | Identified the +3 pair of boots "Kamo" {Int-5 Dex+6} (You found it on level 2 of the Spider Nest)
 27599 | Spider:2 | Noticed an emperor scorpion
 27684 | Spider:2 | Killed an emperor scorpion
 27989 | Spider:2 | Reached skill level 5 in Dodging
 28134 | Spider:2 | Noticed a ghost moth
 28159 | Spider:2 | Killed a ghost moth
 28188 | Spider:2 | Noticed a ghost moth
 28205 | Spider:2 | Killed a ghost moth
 28205 | Spider:2 | Reached skill level 1 in Invocations
 28498 | Spider:1 | HP: 1/104 [spark wasp (5)]
 28499 | Spider:1 | Mangled by a wolf spider

Vault maps used:
D:1:      lightli_arrival_flooded_house, st_stairs_5
D:2:      gammafunk_temple_overflow_wave, lemuel_doored_altar, first_bread
D:3:      gup_sewer_entry_bowl, chequers_ecumenical_altar_island, uniq_sigmund,
          uniq_robin
D:5:      kennysheep_mini, serial_shops, shop, basic_altar,
          kennysheep_cluttered_room, uniq_blork_the_orc
D:6:      grunt_temple_overflow_holy_war, dk_xom_monty_hall
D:7:      overflow_temple_1_default, trog_ov_bears_minmay,
          minmay_temple_entry_mist, minivault_23, the_bakery
D:8:      minmay_lair_entry_grove
D:9:      serial_shops, shop_statue, dk_noncrumbling_2
D:10:     david_orc_4, basic_altar, nrook_uturn, uniq_nergalle, uniq_gastronok
D:13:     erik_vaults_1
Temple:   zaba_magenta_temple
Lair:1:   hibernation_bobbens, grunt_megastairs_4
Lair:3:   elwin_shoals_entry_rooms
Lair:4:   spider_nest_entry_funnel_web, roderic_batcave, st_stairs_13,
          minivault_27
Lair:5:   slime_altar_1, st_stairs_3
Lair:6:   minmay_lair_end_frog_pond, guppyfry_lair_drakes
Spider:1: uniq_agnes
Orc:2:    grunt_orc_gardens, grunt_orc_garden, grunt_orc_garden,
          grunt_orc_garden, grunt_orc_garden, lightli_church_of_beogh
Sewer:    sewer_co_scattered_pipes

Skill      XL: |  1  2  3  4  5  6  7  8  9 10 11 12 13 14 15 |
---------------+----------------------------------------------+-----
Maces & Flails | 3 4 5 6 7 9 11 13 14 | 14.0
Fighting       | 4 5 6 7 9 10 11 13 15 | 15.7
Shields        | 7 9 13 15 | 15.0
Armour         | 6 9 10 | 10.4
Dodging        | 1 5 |  5.2
Invocations    | 2 |  2.2

Action                   |  1- 3 |  4- 6 |  7- 9 | 10-12 | 13-15 || total
-------------------------+-------+-------+-------+-------+-------++-------
Melee: Flail             |   103 |   367 |   676 |   827 |  1751 ||  3724
 Abil: Fly               |       |       |       |       |     1 ||     1
Evoke: Wand              |       |       |    22 |     8 |    20 ||    50
  Use: Potion            |       |     1 |     6 |     1 |     8 ||    16
       Scroll            |       |       |    11 |     4 |    16 ||    31
  Eat: Chunk             |       |     6 |    18 |    17 |    32 ||    73
       Royal jelly       |       |       |       |     3 |     3 ||     6
       Fruit             |       |       |       |     2 |     4 ||     6
       Bread ration      |       |       |       |     1 |       ||     1
Armor: Scale mail        |    59 |   182 |   392 |    45 |       ||   678
       Skin              |       |       |     5 |       |       ||     5
       Plate armour      |       |       |       |   418 |  1169 ||  1587
       Chain mail        |       |       |       |    15 |       ||    15
Dodge: Dodged            |    38 |    82 |   216 |   136 |   455 ||   927
Block: Shield            |    64 |   170 |   350 |   400 |  1199 ||  2183

Table legend:
 A = Spawn XP
 B = Non-spawn XP
 C = Spawn XP percentage of total XP
 D = Spawn monster count
 E = Non-spawn monster count
 F = Spawn count percentage of total count
 G = Total turns spent on level
                    A         B        C        D         E        F      G
               +---------+---------+-------+---------+---------+-------+---------
         Total |       0 |  105815 |   0.0 |       0 |     616 |   0.0 | 28499
               +---------+---------+-------+---------+---------+-------+---------
           D:1 |       0 |      72 |   0.0 |       0 |      31 |   0.0 |   661
           D:2 |       0 |      70 |   0.0 |       0 |      23 |   0.0 |   790
           D:3 |       0 |     948 |   0.0 |       0 |      54 |   0.0 |  1376
           D:4 |       0 |     617 |   0.0 |       0 |      20 |   0.0 |   914
           D:5 |       0 |     681 |   0.0 |       0 |      15 |   0.0 |   987
           D:6 |       0 |    1280 |   0.0 |       0 |      38 |   0.0 |  1982
           D:7 |       0 |     736 |   0.0 |       0 |      17 |   0.0 |   525
           D:8 |       0 |    2125 |   0.0 |       0 |      25 |   0.0 |  1023
           D:9 |       0 |    1489 |   0.0 |       0 |      19 |   0.0 |  1090
          D:10 |       0 |    7461 |   0.0 |       0 |      44 |   0.0 |  1535
          D:11 |       0 |    6195 |   0.0 |       0 |      36 |   0.0 |  1185
          D:12 |       0 |    2524 |   0.0 |       0 |      22 |   0.0 |   972
          D:13 |       0 |     816 |   0.0 |       0 |       2 |   0.0 |    27
        Lair:1 |       0 |    2288 |   0.0 |       0 |       7 |   0.0 |   763
        Lair:2 |       0 |    2657 |   0.0 |       0 |      13 |   0.0 |  1295
        Lair:3 |       0 |    6772 |   0.0 |       0 |      28 |   0.0 |  1729
        Lair:4 |       0 |   18078 |   0.0 |       0 |      55 |   0.0 |  2727
        Lair:5 |       0 |   11377 |   0.0 |       0 |      33 |   0.0 |  3636
        Lair:6 |       0 |   21445 |   0.0 |       0 |      73 |   0.0 |  2528
      Spider:1 |       0 |    7846 |   0.0 |       0 |      20 |   0.0 |   645
      Spider:2 |       0 |    9910 |   0.0 |       0 |      15 |   0.0 |  1090
         Orc:1 |       0 |     364 |   0.0 |       0 |       8 |   0.0 |   248
         Sewer |       0 |      64 |   0.0 |       0 |      18 |   0.0 |   688
               +---------+---------+-------+---------+---------+-------+---------
